 Dungeon Crawl Stone Soup version 0.25.0-41-g26779e291d (webtiles) character file.

Game seed: 13439927301891551706

1765 Ethylacetat the Martial Artist (level 9, -2/66 HPs)
             Began as an Octopode Transmuter on July 10, 2020.
             Slain by an ogre
             ... wielding a +0 giant spiked club
              (31 damage)
             ... on level 6 of the Dungeon.
             The game lasted 00:18:59 (8569 turns).

Ethylacetat the Martial Artist (OpTm)               Turns: 8569, Time: 00:19:00

Health: -2/66      AC:  1    Str: 12    XL:     9   Next: 7%
Magic:  14/15      EV: 13    Int: 15    God:
Gold:   377        SH:  5    Dex: 13    Spells: 15/16 levels left

rFire    . . .     SeeInvis +     - Unarmed
rCold    . . .     Gourm    .   (no shield)
rNeg     . . .     Faith    .   (helmet restricted)
rPois    +         Spirit   .   k - amulet of reflection
rElec    .         Reflect  +   (no ring)
rCorr    .         Harm     .   (no ring)
MR       .....                  (no ring)
Stlth    ++........             (no ring)
HPRegen  0.21/turn              (no ring)
MPRegen  0.14/turn              (no ring)
                                (no ring)
                                (no ring)

@: appendage
A: almost no armour, stealthy swim, amphibious, 8 rings, constrict 8, tentacle
spike 3, camouflage 1, see invisible, poison resistance, gelatinous body 1,
MP-powered wands
a: End Transformation


You were on level 6 of the Dungeon.
You were not hungry.
One of your tentacles had a temporary spike.
You visited 1 branch of the dungeon, and saw 6 of its levels.
You also visited: Ossuary.

You collected 377 gold pieces.

Inventory:

Missiles
 a - 96 arrows
Jewellery
 k - an amulet of reflection (around mantle)
Wands
 w - a wand of iceblast (5)
Scrolls
 b - a scroll of magic mapping
 d - 5 scrolls of teleportation
 e - a scroll of fear
 f - 2 scrolls of identify
 i - a scroll of blinking
 j - 8 scrolls of remove curse
 n - 2 scrolls of enchant weapon
 p - a scroll of fog
 t - 4 scrolls of random uselessness
 x - a scroll of holy word
 y - a scroll of summoning
Potions
 g - 2 potions of haste
 h - a potion of might
 l - 2 potions of stabbing
 m - a potion of flight
 o - a potion of heal wounds
 q - 6 potions of curing
 r - a potion of berserk rage {unknown}
 v - a potion of lignification {unknown}
Comestibles
 c - 9 rations
 u - 5 chunks of flesh


   Skills:
 + Level 8.1 Fighting
 - Level 2.0 Dodging
 + Level 8.7 Unarmed Combat
 + Level 4.3 Spellcasting
 + Level 8.3 Transmutations


You had 15 spell levels left.
You knew the following spells:

 Your Spells              Type           Power        Failure   Level  Hunger
a - Beastly Appendage     Tmut           ####..       1%          1    None

Your spell library contained the following spells:

 Spells                   Type           Power        Failure   Level  Hunger
 Sticks to Snakes         Tmut           ####....     1%          2    ##.....
 Spider Form              Tmut/Pois      ###.......   10%         3    ###....
 Blade Hands              Tmut           ####......   16%         5    ######.
 Ice Form                 Ice/Tmut       ###.....     30%         4    ####...


Dungeon Overview and Level Annotations

Branches:
Dungeon (6/15)            Ossuary (visited)
 Temple: D:4-7

Altars:
Ashenzari
Dithmenos
Hepliaklqana
Nemelex Xobeh
Okawaru
Ru
The Shining One


Innate Abilities, Weirdness & Mutations

You cannot wear most types of armour.
You are very stealthy in the water. (Stealth+)
You are amphibious.
You can wear up to eight rings at the same time.
You can use your tentacles to constrict eight enemies at once.
Your skin changes colour to match your surroundings (Stealth+).
Your rubbery body absorbs attacks. (AC +1, EV +1)
One of your tentacles bears a large vicious spike.
You have supernaturally acute eyesight. (SInv)
Your system is resistant to poisons. (rPois)
You expend magic power (3 MP) to strengthen your wands.


Message History

The hound barely misses you.
Casting: Beastly Appendage (safe; 1% risk of failure)
Confirm with . or Enter, or press ? or * to list all spells.
You extend your transformation's duration.
The hound misses you. The hound bites you.
You barely miss the hound. You grab the hound. You constrict the hound.
The hound bites you.
You bludgeon the hound!
You pierce the hound.
You kill the hound!
There is an open gate here.
Casting: Beastly Appendage (safe; 1% risk of failure)
Confirm with . or Enter, or press ? or * to list all spells.
You fail to extend your transformation any further.
You tentacle-slap the ogre. Your squeeze misses the ogre.
The ogre is lightly wounded.
The ogre hits you with a +0 giant spiked club.
You tentacle-slap the ogre. You squeeze the ogre.
The ogre is heavily wounded.
The ogre hits you with a +0 giant spiked club!!
You die...

.P.P......P.P.....g.......
..........................
......#.##...##...g...##..
.......###..####......##..
...........## #.........#
..####....## #..g..##..#
.## #...## ###..## #.# ##
#...## ##O.## .# #
##....## ##@###
##.....>####.##
##..###...##..# ##..##
##.....## ##..## ##...##
...## ####....### ...#
#.........# ...#
##.##..###....
#...###...#### ###.


You could see an ogre and a gnoll sergeant.

Vanquished Creatures
  An ogre (D:4)
  3 phantoms
  2 centaurs
  A bullfrog (D:6)
  A bullfrog zombie (D:5)
  2 crimson imps (D:6)
  A centaur zombie (Ossuary)
  A quasit (D:5)
  3 hounds (D:6)
  A human zombie (Ossuary)
  A gnoll shaman (D:6)
  A centaur skeleton (D:5)
  An orc priest (D:6)
  2 orc wizards (D:6)
  An iguana (D:5)
  5 worker ants
  A killer bee zombie (D:6)
  3 big kobold zombies (Ossuary)
  3 mummies (Ossuary)
  6 gnolls
  10 adders
  2 shadow imps (D:5)
  2 oozes (D:1)
  3 worms
  A dart slug (D:2)
  7 leopard geckos
  9 orcs
  6 giant cockroaches
  7 goblins
  10 hobgoblins
  10 jackals
  7 quokkas
  A ball python (D:3)
  11 bats
  5 frilled lizards
  2 goblin zombies (Ossuary)
  10 kobolds
  A kobold zombie (Ossuary)
  7 rats
151 creatures vanquished.

Notes
Turn   | Place    | Note
-------+----------+-------------------------------------------
     0 | D:1      | Ethylacetat the Octopode Transmuter began the quest for the
                  | Orb.
     0 | D:1      | Reached XP level 1. HP: 13/13 MP: 3/3
   348 | D:1      | Reached XP level 2. HP: 5/18 MP: 3/5
   848 | D:1      | Reached XP level 3. HP: 23/23 MP: 6/6
  1172 | D:1      | Found a shattered altar of Ashenzari.
  2337 | D:2      | Found a shadowy altar of Dithmenos.
  2599 | D:2      | Reached XP level 4. HP: 17/29 MP: 4/7
  3001 | D:2      | Found a sparkling altar of Nemelex Xobeh.
  3348 | D:2      | Found a glowing golden altar of the Shining One.
  3684 | D:3      | Reached XP level 5. HP: 34/34 MP: 9/9
  5009 | D:4      | Gained mutation: Potions are less effective at restoring
                  | your health. [potion of mutation]
  5009 | D:4      | Gained mutation: You are resistant to hostile enchantments.
                  | (MR+) [potion of mutation]
  5009 | D:4      | Gained mutation: Your flesh is heat resistant. (rF+)
                  | [potion of mutation]
  5295 | D:4      | Noticed an ogre
  5296 | D:4      | Lost mutation: You are resistant to hostile enchantments.
                  | (MR+) [potion of mutation]
  5296 | D:4      | Lost mutation: Potions are less effective at restoring your
                  | health. [potion of mutation]
  5296 | D:4      | Lost mutation: Your flesh is heat resistant. (rF+) [potion
                  | of mutation]
  5296 | D:4      | Gained mutation: Scrolls take you a little longer to read.
                  | [potion of mutation]
  5296 | D:4      | Gained mutation: You are clumsy. (Dex -2) [potion of
                  | mutation]
  5296 | D:4      | Gained mutation: You are frail. (-10% HP) [potion of
                  | mutation]
  5296 | D:4      | Gained mutation: You expend magic power (3 MP) to
                  | strengthen your wands. [potion of mutation]
  5297 | D:4      | Reached XP level 6. HP: 44/44 MP: 10/10
  5308 | D:4      | Reached XP level 7. HP: 48/48 MP: 9/12
  6197 | D:5      | Entered Level 5 of the Dungeon
  6299 | D:5      | Found a hazy altar of Hepliaklqana.
  6443 | D:5      | Found a sand-covered staircase.
  6450 | Ossuary  | Entered an ossuary
  6650 | Ossuary  | Lost mutation: You are clumsy. (Dex -2) [potion of
                  | mutation]
  6650 | Ossuary  | Lost mutation: Scrolls take you a little longer to read.
                  | [potion of mutation]
  6650 | Ossuary  | Gained mutation: You have supernaturally acute eyesight.
                  | (SInv) [potion of mutation]
  6650 | Ossuary  | Lost mutation: You are frail. (-10% HP) [potion of
                  | mutation]
  6650 | Ossuary  | Gained mutation: Your system is resistant to poisons.
                  | (rPois) [potion of mutation]
  6789 | Ossuary  | Reached XP level 8. HP: 61/61 MP: 11/13
  8120 | D:6      | Found an iron altar of Okawaru.
  8222 | D:6      | Found a sacrificial altar of Ru.
  8531 | D:6      | Reached XP level 9. HP: 52/66 MP: 15/15
  8569 | D:6      | Slain by an ogre

Illustrated notes

Levels and vault maps discovered:
D:1:      psy_arrival_whirlpool, layout_loops_corners,
          nicolae_ashenzari_panopticon
D:2:      layout_loops_ring, grunt_dithmenos_smoke, lemuel_crystal_altar,
          first_ration, nrook_mini_backslash, corexii_leaking_fountain,
          nicolae_tso_carved_into_rock
D:3:      layout_basic, serial_corexii_hall, corexii_hall_statues_i,
          chequers_hall_statues_y, kennysheep_generic_room_11
D:4:      layout_basic
D:5:      minmay_recursive_quarters, layout_loops_ring, kennysheep_mini,
          chequers_ossuary_entry_cave
D:6:      kennysheep_housing_project, layout_layer_cave,
          nicolae_ru_great_annihilating_truth, lemuel_round_altar,
          temple_pool_b, lemuel_tele_altar

Skill      XL: |  1  2  3  4  5  6  7  8 |
---------------+-------------------------+-----
Fighting       | 2 7 8 |  8.1
Transmutations | 3 7 8 |  8.3
Spellcasting   | 3 4 |  4.3
Unarmed Combat | 8 |  8.7
Dodging        | |  2.0

Action                   |  1- 3 |  4- 6 |  7- 9 || total
-------------------------+-------+-------+-------++-------
Melee: Unarmed           |    89 |    87 |   223 ||   399
       Constrict         |    26 |    31 |    50 ||   107
       Kick              |    12 |    27 |    51 ||    90
       Tentacles         |     8 |    25 |    42 ||    75
       Punch             |     2 |     3 |    17 ||    22
 Cast: Beastly Appendage |    22 |    26 |    20 ||    68
  Use: Potion            |       |     4 |     1 ||     5
       Scroll            |       |       |    20 ||    20
 Stab: Sleeping          |     7 |     5 |    12 ||    24
  Eat: Chunk             |     5 |     9 |     7 ||    21
       Ration            |       |       |     1 ||     1
Armor: Skin              |     8 |     5 |     8 ||    21
Dodge: Dodged            |    44 |    36 |   103 ||   183
Block: Other             |       |    12 |    39 ||    51
